 Dungeon Crawl Stone Soup version 0.30-a0-1157-g2cc9ac7196 (webtiles) character file.

Game seed: 7988379788664647041

145 Zeldest the Trooper (level 5, -2/54 HPs)
             Began as an Ogre Warper on Apr 24, 2023.
             Slain by an orc
             ... wielding a +0 whip
              (6 damage)
             ... on level 3 of the Dungeon.
             The game lasted 00:03:28 (1710 turns).

Zeldest the Trooper (Ogre Warper)                   Turns: 1710, Time: 00:03:29

Health: -2/54      AC:  3    Str: 13 (15) XL:     5   Next: 27%
Magic:  0/10       EV:  9    Int: 15 (16) God:
Gold:   108        SH:  0    Dex:  7 (8)  Spells: 11/11 levels left

rFire   . . .        k - +1 whip (drain)
rCold   . . .        (no shield)
rNeg    . . .        b - +0 robe
rPois   .            (helmet restricted)
rElec   .            (no cloak)
rCorr   +            (gloves unavailable)
SInv    .            (boots unavailable)
Will    .....        p - amulet of guardian spirit
Stlth   +            m - ring of resist corrosion
HPRegen 0.29/turn    (no ring)
MPRegen 0.12/turn

%: guardian spirit
@: attractive
A: large, unfitting armour, tough skin 1
a: no special abilities


You were on level 3 of the Dungeon.
You visited 1 branch of the dungeon, and saw 3 of its levels.

You collected 108 gold pieces.

Inventory:

Hand Weapons
 k - a +1 whip of draining (weapon)
Missiles
 d - 7 boomerangs of dispersal (quivered)
 n - 4 boomerangs
Armour
 b - a +0 robe (worn)
Jewellery
 m - a ring of resist corrosion (left hand)
 p - an amulet of guardian spirit (around neck)
Scrolls
 a - a scroll of enchant armour {unknown}
 c - 3 scrolls of blinking
 e - 2 scrolls of identify {unknown}
 f - a scroll of enchant weapon {unknown}
 j - a scroll of butterflies {unknown}
 l - a scroll of torment {unknown}
 o - 2 scrolls of teleportation {unknown}
 q - a scroll of immolation {unknown}


   Skills:
 + Level 4.2 Fighting
 + Level 2.8 Maces & Flails
 - Level 1.0 Throwing
 - Level 2.1 Dodging
 + Level 3.5 Spellcasting
 + Level 3.5 Translocations


You had 11 spell levels left.
You didn't know any spells.
Your spell library contained the following spells:

 Spells                   Type           Power      Damage    Failure   Level
 Blink                    Tloc           26%        N/A       7%          2
 Lesser Beckoning         Tloc           26%        N/A       7%          2
 Teleport Other           Tloc           13%        N/A       13%         3
 Momentum Strike          Conj/Tloc      14%        3d8       14%         2
 Sandblast                Erth           4%         2d4       19%         1
 Passwall                 Tmut/Erth      1%         N/A       28%         2
 Static Discharge         Conj/Air       4%         2-3/arc   28%         2
 Vhi's Electric Charge    Tloc/Air       14%        N/A       28%         3
 Manifold Assault         Tloc           13%        N/A       41%         4
 Stone Arrow              Conj/Erth      4%         3d7       50%         3
 Airstrike                Air            1%         2d(1-17)  88%         4
 Summon Lightning Spire   Summ/Air       2%         N/A       88%         4


Dungeon Overview and Level Annotations

Branches:
Dungeon (3/15) Zot: 16280

Altars:


Innate Abilities, Weirdness & Mutations

You are too large for most types of armour.
You have tough skin. (AC +1)


Message History

The giant cockroach is severely wounded.
The giant cockroach barely misses you.
The giant cockroach bites you but does no damage.
You closely miss the giant cockroach.
The giant cockroach is severely wounded.
The giant cockroach bites you but does no damage.
You barely miss the giant cockroach.
The giant cockroach is severely wounded.
The giant cockroach closely misses you.
You hit the giant cockroach.
You kill the giant cockroach!
You hit the endoplasm.
The endoplasm is almost dead.
The endoplasm freezes you.
You are frozen.
* * * LOW HITPOINT WARNING * * *
You hit the endoplasm but do no damage.
The endoplasm is almost dead.
The endoplasm hits you but does no damage.
You barely miss the endoplasm.
The endoplasm is almost dead.
The endoplasm freezes you.
You are frozen.
You hit the endoplasm but do no damage.
The endoplasm is almost dead.
You hit the endoplasm.
You kill the endoplasm!
You closely miss the hobgoblin. The hobgoblin hits you.
* * * LOW HITPOINT WARNING * * *
You hit the hobgoblin.
The hobgoblin is heavily wounded.
The hobgoblin completely misses you.
You hit the hobgoblin.
You kill the hobgoblin!
You closely miss the orc. The orc hits you with a +0 whip.
* * * LOW HITPOINT WARNING * * *
You hit the orc. You drain the orc.
The orc is severely wounded.
The orc hits you with a +0 whip.
You die...

######...######
#.............#######
#
#.####...####........
..##. ##.## #.#######
#..:.# #.# #.# ....#
#.# #.#
...###.#####.#
#..##.......#
#@########.# . #o##
#.# #.. ##oK#######.#
#....###...........#
[....K†....#########
#$##..##..## #..
...## .....#### .....


You could see 2 orcs and a kobold.

Vanquished Creatures
  A jelly (D:1)
  2 adders
  A gnoll (D:2)
  2 worms (D:2)
  An orc (D:3)
  3 ball pythons
  8 bats
  6 endoplasms
  6 giant cockroaches
  5 goblins
  5 hobgoblins
  12 jackals
  3 kobolds
  5 quokkas
  4 frilled lizards
  9 rats
73 creatures vanquished.

Notes
Turn   | Place    | Note
-------+----------+-------------------------------------------
     0 | D:1      | Zeldest the Ogre Warper began the quest for the Orb.
     0 | D:1      | Reached XP level 1. HP: 22/22 MP: 3/3
     0 | D:1      | Noticed a jelly
     1 | D:1      | Found a runed translucent door.
    49 | D:1      | Reached XP level 2. HP: 14/29 MP: 3/5
   140 | D:1      | Reached skill level 3 in Fighting
   489 | D:1      | Reached XP level 3. HP: 28/37 MP: 7/7
   500 | D:1      | Reached XP level 4. HP: 34/46 MP: 8/8
  1188 | D:2      | Reached skill level 4 in Fighting
  1245 | D:2      | Reached XP level 5. HP: 49/54 MP: 10/10
  1452 | D:3      | Identified the +3 war axe of Wamya {flame, Str+3}
  1710 | D:3      | Slain by an orc

Illustrated notes

Levels and vault maps discovered:
D:1:      dpeg_arrival_caged_fury, layout_rooms
D:2:      layout_rooms, cheibrodos_gnoll_hut
D:3:      layout_loops_ring, minmay_three_crescents

Skill      XL: |  1  2  3  4 |
---------------+-------------+-----
Fighting       | 3 4 |  4.2
Maces & Flails | 2 |  2.8
Translocations | 3 |  3.5
Spellcasting   | 3 |  3.5
Throwing       | |  1.0
Dodging        | |  2.1

Action                     |  1- 3 |  4- 6 || total
---------------------------+-------+-------++-------
  Melee: Mace              |    50 |       ||    50
         Punch             |     1 |       ||     1
         Whip              |    12 |   165 ||   177
    Use: Potion            |       |     4 ||     4
         Scroll            |       |     1 ||     1
 Armour: Robe              |    35 |    62 ||    97
  Dodge: Dodged            |    52 |   111 ||   163

Table legend: (Time is in decaauts)
 A = Elapsed time spent in this place.
 B = Non-inter-level travel time spent in this place.
 C = Inter-level travel time spent in this place.
 D = Time resting spent in this place.
 E = Time spent auto-exploring this place.
 F = Levels seen in this place.
 G = Mean time per level.
                   A        B        C        D        E       F      G
               +--------+--------+--------+--------+--------+-----+--------+
         Total |   1718 |   1705 |     13 |    402 |    795 |   3 |  572.7 |
       Dungeon |   1718 |   1705 |     13 |    402 |    795 |   3 |  572.7 |
               +--------+--------+--------+--------+--------+-----+--------+

Top non-repeatable levels by time:
     D:2: 868 daAuts
     D:1: 582 daAuts
     D:3: 267 daAuts
